 Dungeon Crawl Stone Soup version 0.27.1-34-g3ba077fa99 (webtiles) character file.

Game seed: 10979704459547007774

91 Delamore the Sneak (level 4, -3/29 HPs)
             Began as an Octopode Brigand on Jan 18, 2022.
             Slain by Sigmund (5 damage)
             ... on level 2 of the Dungeon.
             The game lasted 00:01:21 (1588 turns).

Delamore the Sneak (Octopode Brigand)               Turns: 1588, Time: 00:01:22

Health: -3/29      AC:  1    Str: 10    XL:     4   Next: 59%
Magic:  4/4        EV: 16    Int: 13    God:
Gold:   95         SH:  0    Dex: 14    Spells: 3/3 levels left

rFire    . . .     SeeInvis .   a - +2 dagger
rCold    . . .     Faith    .   (no shield)
rNeg     . . .     Spirit   .   (helmet restricted)
rPois    .         Reflect  .   (no amulet)
rElec    .         Harm     .   g - +4 ring of evasion
rCorr    .         Rampage  .   (no ring)
Will     .....                  (no ring)
Stlth    +++++.....             (no ring)
HPRegen  0.09/turn              (no ring)
MPRegen  0.09/turn              (no ring)
                                (no ring)
                                (no ring)

@: attractive
A: almost no armour, amphibious, 8 rings, camouflage 1, gelatinous body 1,
(nimble swimmer 1), tentacles
a: no special abilities


You were on level 2 of the Dungeon.
You visited 1 branch of the dungeon, and saw 2 of its levels.

You collected 95 gold pieces.

Inventory:

Hand Weapons
 a - a +2 dagger (weapon)
Missiles
 b - 8 poisoned darts (quivered)
Jewellery
 g - a +4 ring of evasion (left tentacle)
Scrolls
 d - a scroll of teleportation
 e - a scroll of blinking {unknown}
 h - a scroll of fear {unknown}
Potions
 f - a potion of attraction


   Skills:
 - Level 2.0 Fighting
 + Level 2.7 Short Blades
 - Level 2.0 Throwing
 - Level 1.0 Dodging
 + Level 7.6 Stealth


You had 3 spell levels left.
You didn't know any spells.
Your spell library contained the following spells:

 Spells                   Type           Power      Damage    Failure   Level
 Freeze                   Ice            0%         1d3       30%         1
 Ignite Poison            Fire/Tmut/Pois 0%         N/A       67%         3
 Ice Form                 Ice/Tmut       0%         N/A       97%         4
 Freezing Cloud           Conj/Ice/Air   0%         6-21      100%        5


Dungeon Overview and Level Annotations

Branches:
Dungeon (2/15)

Altars:
Okawaru

Annotations:
D:2 Sigmund


Innate Abilities, Weirdness & Mutations

You cannot wear most types of armour.
You are amphibious.
You can wear up to eight rings at the same time.
Your skin changes colour to match your surroundings (Stealth+).
Your rubbery body absorbs attacks. (AC +1, EV +1)
((You are camouflaged near water. (Stealth+)))
You have tentacles for arms and can constrict up to eight enemies at once.


Message History

Sigmund misses you. The bat barely misses you. The bat misses you.
The bat hits you. The bat closely misses you.
Sigmund gestures wildly while chanting.
Sigmund flickers and vanishes!
Deactivating autopickup; reactivate with Ctrl-A.
The bat barely misses you. The bat closely misses you. The bat misses you.
The bat closely misses you. The bat hits you but does no damage.
The bat closely misses you. The bat closely misses you.
The bat barely misses you. The bat hits you but does no damage.
The bat misses you. The bat closely misses you. The bat closely misses you.
The bat completely misses you. The bat completely misses you.
The bat hits you but does no damage.
A puff of flame appears from out of thin air!
The puff of flame hits you!
Sigmund appears from thin air!
Reactivating autopickup.
Sigmund screams, "Die, monster!"
Sigmund gestures wildly while chanting.
Sigmund flickers and vanishes!
Deactivating autopickup; reactivate with Ctrl-A.
A magic dart appears from out of thin air!
The magic dart hits you.
* * * LOW HITPOINT WARNING * * *
A magic dart appears from out of thin air!
The magic dart hits you!
* * * LOW HITPOINT WARNING * * *
It was a potion of attraction.
You feel attractive to monsters. Something is pulled toward you!
Something is pulled toward you! Something hits you.
You die...

#.#..# #.#..# #.#..#
#.#..# #.#..# #.#..#
#.#..# ....# #.#..#
....(. #@#..# ._...#
#.#..# .....# #.#..#
.....# #.#..# )....##
#.#..# #...).# #.#..#
#.....##########.#..#
#.....'.K{....##.#..#
#..†..#######.##.#..#


There were no monsters in sight!

Vanquished Creatures
  Jessica (D:2)
  Natasha (D:2)
  A gnoll (D:1)
  A worm (D:2)
  5 ball pythons
  4 bats (D:1)
  4 endoplasms (D:1)
  3 giant cockroaches
  2 goblins (D:2)
  A hobgoblin (D:2)
  4 kobolds (D:1)
  2 rats (D:1)
29 creatures vanquished.

Notes
Turn   | Place    | Note
-------+----------+-------------------------------------------
     0 | D:1      | Delamore the Octopode Brigand began the quest for the Orb.
     0 | D:1      | Reached XP level 1. HP: 14/14 MP: 1/1
   143 | D:1      | Reached XP level 2. HP: 19/19 MP: 2/2
   152 | D:1      | Reached skill level 6 in Stealth
   538 | D:1      | Reached XP level 3. HP: 17/24 MP: 3/3
   689 | D:1      | Got Pongaek's Disquisition on the Frostbite and the
                  | Volcanoes
  1165 | D:2      | Noticed Natasha
  1175 | D:2      | Killed Natasha
  1176 | D:2      | Reached skill level 7 in Stealth
  1178 | D:2      | Reached XP level 4. HP: 18/29 MP: 4/4
  1405 | D:2      | Noticed Jessica
  1412 | D:2      | Killed Jessica
  1532 | D:2      | Found an iron altar of Okawaru.
  1532 | D:2      | Noticed Sigmund
  1584 | D:2      | HP: 1/29 [something/magic dart (7)]
  1588 | D:2      | Slain by Sigmund

Illustrated notes

Levels and vault maps discovered:
D:1:      shiori_arrival_oz, layout_basic, palyth_stone_intersect
D:2:      layout_basic, basic_altar, uniq_jessica, uniq_natasha, uniq_sigmund

Skill      XL: |  1  2  3 |
---------------+----------+-----
Stealth        | 6 7 |  7.6
Fighting       | |  2.0
Short Blades   | |  2.7
Throwing       | |  2.0
Dodging        | |  1.0

Action                   |  1- 3 |  4- 6 || total
-------------------------+-------+-------++-------
Melee: Dagger            |    35 |     9 ||    44
       Constrict         |     8 |     2 ||    10
       Tentacles         |     5 |     2 ||     7
Throw: Dart              |       |     2 ||     2
  Use: Scroll            |     1 |       ||     1
       Potion            |       |     1 ||     1
 Stab: Sleeping          |    13 |     4 ||    17
Armor: Skin              |       |     3 ||     3
Dodge: Dodged            |    12 |    19 ||    31
